 Dungeon Crawl Stone Soup version 0.21-a0-283-g622b906 (webtiles) character file.

879684 vishdafish the Conqueror (level 27, -6/323 HPs)
             Began as a Formicid Fighter on Sept 23, 2017.
             Was a Priest of Nemelex Xobeh.
             Killed by divine providence
             ... invoked by a greater mummy
              (9 damage)
             ... on level 3 of the Tomb of the Ancients on Sept 25, 2017.
             The game lasted 09:11:42 (98797 turns).

vishdafish the Conqueror (Formicid Fighter)        Turns: 98797, Time: 09:11:43

Health: -6/323     AC: 26    Str: 24    XL:     27
Magic:  36/46      EV: 40    Int:  8    God:    Nemelex Xobeh [***...]
Gold:   8458       SH: 31    Dex: 22    Spells: 0/46 levels left

rFire    + + +     SeeInvis +   e - +9 executioner's axe (elec)
rCold    + . .     Gourm    .   x - +10 large shield of Ignorance {rN+ Int-4}
rNeg     + + +     Faith    .   (armour currently unavailable)
rPois    ∞         Spirit   .   (helmet unavailable)
rElec    +         Reflect  .   g - scarf {rC+ rF+}
rCorr    .         Harm     .   (gloves currently unavailable)
MR       ++...                  (boots currently unavailable)
Stlth    ++........             c - macabre finger necklace {rN+}
HPRegen  0.63/turn              f - ring of the Modern Allies {-Tele *Drain rElec rN+ Dex+10}
MPRegen  0.30/turn              d - ring of the Dozen Dances {rPois rF+ rN+ MP+9}
                                w - ring of Phasing {EV+8}

@: statue-form, very slightly contaminated, very slow
A: permanent stasis, dig shafts and tunnels, four strong arms, antennae 3, claws
1, talons 2, clumsy 2, fire resistance 3, sense surroundings 1, evolution 1,
subdued magic 1
}: 7/15 runes: serpentine, barnacled, slimy, silver, iron, obsidian, abyssal
a: Dig, Shaft Self, End Transformation, Triple Draw, Renounce Religion


You were on level 3 of the Tomb of the Ancients.
You worshipped Nemelex Xobeh.
Nemelex Xobeh was most pleased with you.
You were not hungry.
You were a stone statue.
You visited 16 branches of the dungeon, and saw 72 of its levels.
You visited the Abyss 5 times.
You also visited: Labyrinth, Trove and Ice Cave.

You collected 10808 gold pieces.
You spent 2350 gold pieces at shops.

Inventory:

Hand Weapons
 e - a +9 executioner's axe of electrocution (weapon)
 y - the +8 autumn katana {slice, Clar}
   (You found it on level 7 of the Iron City of Dis)

   It inflicts extra damage upon your enemies.
   It protects you against confusion.
 I - the +6 arbalest "Damnation" {damnation}
   (You found it on level 12 of the Dungeon)
Missiles
 L - 577 bolts
Armour
 g - a scarf of resistance (worn)
 t - the +7 faerie dragon scales (melded) {-Tele rCorr Int+5}
   (You found it on level 2 of the Depths)

   It affects your intelligence (+5).
   It prevents most forms of teleportation.
   It protects you from acid and corrosion.
 x - the +10 large shield of Ignorance (worn) {rN+ Int-4}
   (You took it off a deep elf annihilator on level 3 of the Elven Halls)

   It affects your intelligence (-4).
   It protects you from negative energy.
 P - a +2 pair of gloves of dexterity (melded)
Jewellery
 c - the macabre finger necklace (around neck) {rN+}
   (You took it off a deep elf death mage on level 3 of the Elven Halls)

   [amulet of nothing]

   It protects you from negative energy.
 d - the ring of the Dozen Dances (right claw) {rPois rF+ rN+ MP+9}
   (You found it on level 3 of the Elven Halls)

   [ring of positive energy]

   It protects you from fire.
   It protects you from poison.
   It protects you from negative energy.
   It affects your magic capacity (+9).
 f - the ring of the Modern Allies (left claw) {-Tele *Drain rElec rN+ Dex+10}
   (You took it off a vampire knight on level 3 of the Crypt)

   [ring of positive energy]

   It affects your dexterity (+10).
   It insulates you from electricity.
   It protects you from negative energy.
   It prevents most forms of teleportation.
   It causes draining when unequipped.
 w - the ring of Phasing (on amulet) {EV+8}
   (You found it on level 5 of the Pits of Slime)

   [ring of evasion]

   It affects your evasion (+8).
 A - the brooch of Shielding {Reflect SH+8}
   (You bought it in a shop on level 2 of the Orcish Mines)

   [amulet of reflection]

   It shields you and reflects attacks.
   It affects your SH (+8).
Wands
 s - a wand of digging (12/24)
Scrolls
 b - 10 scrolls of fog
 h - 9 scrolls of recharging
 k - 16 scrolls of identify
 m - 18 scrolls of remove curse
 o - 7 scrolls of magic mapping
 p - 10 scrolls of fear
 q - 16 scrolls of enchant armour
 v - 6 scrolls of enchant weapon
 F - a scroll of silence
 J - 6 scrolls of vulnerability
 V - 2 scrolls of brand weapon
 W - a scroll of summoning
Potions
 a - 3 potions of heal wounds
 i - 7 potions of agility
 j - 2 potions of might
 B - 8 potions of magic
 D - 10 potions of brilliance
 E - 9 potions of flight
 K - 25 potions of curing
 U - 2 potions of invisibility
 Y - 6 potions of ambrosia
Books
 u - the Catalogue of the Sinister Entourage
   (You found it on level 7 of the Iron City of Dis)

   Spells                             Type                      Level
   a - Pain                           Necromancy                   1
   b - Regeneration                   Charms/Necromancy            3
   c - Summon Lightning Spire         Summoning/Air                4
   d - Bolt of Draining               Conjuration/Necromancy       5
   e - Dispel Undead                  Necromancy                   5
Miscellaneous
 r - 2 phantom mirrors
 M - an ornate deck of destruction {drawn: 9}
 S - a fan of gales
 Z - the horn of Geryon
Comestibles
 G - 3 royal jellies
 R - 12 meat rations


   Skills:
 O Level 27 Fighting
 - Level 26.0 Axes
 - Level 18.0 Crossbows
 - Level 12.6 Armour
 * Level 21.1 Dodging
 - Level 15.0 Shields
 - Level 10.0 Spellcasting
 - Level 7.3 Hexes
 - Level 4.7 Charms
 - Level 10.0 Necromancy
 - Level 6.0 Translocations
 - Level 13.0 Transmutations
 - Level 13.0 Earth Magic
 - Level 18.0 Invocations
 - Level 5.3 Evocations


You couldn't memorise any spells.
You knew the following spells:

 Your Spells              Type           Power        Failure   Level  Hunger
a - Statue Form           Tmut/Erth      ###......    10%         6    #######
b - Leda's Liquefaction   Hex/Erth       ###.......   1%          4    ####...
c - Portal Projectile     Hex/Tloc       ##....       2%          3    ###....
d - Animate Dead          Necr           N/A          1%          4    ####...
e - Regeneration          Chrm/Necr      ##........   1%          3    ###....
f - Control Undead        Necr           ###.......   1%          4    ####...
g - Apportation           Tloc           ##....       1%          1    None
h - Lee's Rapid Deconstr  Erth           ###.......   1%          5    ######.
i - Death Channel         Necr           ###.......   32%         6    #######
j - Song of Slaying       Chrm           #.......     2%          2    #......
k - Spectral Weapon       Hex/Chrm       ##......     2%          3    ###....
l - Dispel Undead         Necr           ###.....     5%          5    ######.


Dungeon Overview and Level Annotations

Branches:
Dungeon (15/15)            Temple (1/1) D:4            Lair (6/6) D:8
 Shoals (4/4) Lair:4        Snake (4/4) Lair:2        Slime (5/5) Lair:5
    Orc (2/2) D:9             Elf (3/3) Orc:2        Vaults (5/5) D:13
  Crypt (3/3) Vaults:3       Tomb (2/3) Crypt:3      Depths (5/5) D:15
   Hell (1/1)                 Dis (7/7) Hell            Geh (7/7) Hell
    Coc (0/7) Hell            Tar (0/7) Hell            Zot (4/5) Depths:5

Altars:
Ashenzari
Cheibriados
Dithmenos
Elyvilon
Fedhas
Gozag
Hepliaklqana
Kikubaaqudgha
Makhleb
Nemelex Xobeh
Okawaru
Qazlal
Ru
Sif Muna
Trog
Uskayaw
Vehumet
Wu Jian
Xom
Yredelemnul
Zin
The Shining One
Beogh
Jiyva

Shops:
D:9 :   D:12 !   D:15 (   Orc:2 }}(=   Elf:2 =   Shoals:2 :   Shoals:4 %%
Vaults:3 ?   Depths:1 ?   Depths:5 *

Portals:
Hell: Depths:1 Depths:2 Depths:3 Depths:5
Abyss: Depths:4
Pandemonium: Depths:2 Depths:3 Depths:5
Ziggurat: Depths:4

Annotations:
D:14 1 runed door
Tomb:3 p0werm0de's ghost, veteran DsFE


Innate Abilities, Weirdness & Mutations

You cannot be hasted, slowed, berserked, paralysed or teleported.
You can dig through walls and to a lower floor.
Your four strong arms can wield two-handed weapons with a shield.
You have a pair of large antennae on your head. (SInv)
You have sharp fingernails.
You have razor-sharp toenails.
((You are partially covered in iridescent scales. (AC +2)))
((You are partially covered in molten scales. (AC +2)))
((You are partially covered in thin metallic scales. (AC +2)))
You are very clumsy. (Dex -4)
Your flesh is almost immune to the effects of heat. (rF+++)
You passively map a small area around you.
You evolve.
Your spells are a little easier to cast, but a little less powerful.


Message History

Your body is wracked with pain!
* * * LOW HITPOINT WARNING * * *
The emperor scorpion convulses! x2
The greater mummy casts a spell.
The freezing wraith closely misses your flying skull.
The freezing wraith hits your flying skull.
The freezing wraith drains your flying skull's vigour!
Your flying skull seems to slow down.
You block the jiangshi's attack. x2; The jiangshi claws you.
* * * LOW HITPOINT WARNING * * *
You block the jiangshi's attack. The emperor scorpion barely misses you.
The emperor scorpion claws you!
* * * LOW HITPOINT WARNING * * *
You block the emperor scorpion's attack. x2
The emperor scorpion claws you but does no damage.
The emperor scorpion completely misses you.
The greater mummy gestures at you while chanting.
Something smites you!
You die...
Your body glows slightly and disappears.

, ,
#.#..4MZ###{bMb *
,
,,,#..MW{MV#4#MsM3
..#'#Z.MWM#n#MW45
.......W.zsMMMSs.
#...ZM.4VMnsZs###
* ,
#....2.8M.z!Z.'.#,
,
#.....Z#sszs..###
.......bsVss.....
........8s§s.....
, *,
........§§s§.....
, ################
*


You could see a greater mummy (dazed), 6 emperor scorpions, a cacodemon, a
bennu, an ancient champion, a jiangshi, a spectral iron dragon, 2 death scarabs
and a frost giant skeleton.

Vanquished Creatures
  Asmodeus (Geh:7)
  Dispater (Dis:7)
  3 ancient liches
  Mennas (Vaults:2)
  2 greater mummies (Tomb:1)
  Sojobo (Depths:4)
  Frederick (Vaults:2)
  Vashnia (Snake:3)
  A curse toe (Zot:3)
  2 caustic shrikes
  A Killer Klown (Zot:3)
  Jory (Crypt:3)
  8 golden dragons
  Geryon (Hell)
  2 profane servitors
  4 bone dragons
  14 Brimstone Fiends
  10 iron giants (Dis:7)
  3 electric golems
  A hellephant (Zot:2)
  7 liches
  Rupert (D:14)
  14 tentacled monstrosities
  13 Hell Sentinels (Dis:7)
  An Ice Fiend (Dis:7)
  Asterion (Depths:2)
  5 deep elf blademasters
  8 quicksilver dragons
  22 acid blobs
  2 deep elf master archers (Elf:3)
  3 titans
  8 death cobs
  12 sphinxes
  2 eldritch tentacles
  An Executioner (Abyss:2)
  5 krakens
  2 thorn hunters (Abyss:3)
  13 storm dragons
  8 ancient champions
  19 tentacled starspawn
  Ilsuiw (Shoals:4)
  Donald (Crypt:1)
  Roxanne (D:15)
  8 tengu reavers
  2 draconian monks
  8 shadow dragons
  4 revenants
  10 nagarajas
  5 fire giants
  5 draconian knights
  8 azure jellies
  A frost giant (shapeshifter) (Vaults:5)
  An iron dragon (shapeshifter) (Vaults:5)
  8 balrugs
  7 frost giants
  5 emperor scorpions
  4 ghost moths
  2 cacodemons (Dis:7)
  11 iron dragons
  A draconian scorcher (Zot:2)
  3 deep elf sorcerers
  A deep elf elementalist (Elf:3)
  17 ironheart preservers
  2 juggernaut zombies
  4 draconian stormcallers (Zot:3)
  14 vault wardens
  A curse skull (Crypt:2)
  5 draconian shifters
  6 ghouls
  An entropy weaver (Vaults:4)
  24 war gargoyles
  16 reapers
  17 very ugly things
  15 stone giants
  2 bennus (Tomb:3)
  6 draconian annihilators
  A juggernaut skeleton (Crypt:2)
  9 green draconians
  9 vampire knights
  6 deep elf annihilators
  8 purple draconians
  Azrael (D:15)
  3 lorocyprocas
  2 deep elf demonologists
  12 black draconians
  3 dire elephants
  8 white draconians
  8 yellow draconians
  6 spark wasps
  5 eidola
  2 blizzard demons
  5 ettins
  8 fire dragons
  8 deep elf death magi
  2 quicksilver dragon zombies
  14 mummy priests
  3 merfolk javelineers (Shoals:4)
  3 red draconians
  15 yaktaur captains
  4 green deaths
  5 merfolk impalers
  5 death oozes
  13 great orbs of eyes
  28 jiangshi
  Erolcha (D:10)
  A minotaur (Lab)
  14 vault guards
  9 ice dragons
  Harold (D:11)
  A hell beast (Dis:7)
  9 rakshasas
  3 merfolk avatars
  14 naga warriors
  4 anacondas
  A spriggan air mage (Depths:4)
  10 ogre magi
  5 merfolk aquamancers
  6 death knights
  2 alligator snapping turtles (Shoals:4)
  3 hydras
  9 centaur warriors
  25 two-headed ogres
  A catoblepas (Elf:3)
  30 dancing weapons
  7 death yaks (Lair:6)
  A queen ant (D:15)
  6 tengu warriors
  A satyr (Shoals:1)
  10 hell hogs
  11 deep troll shamans
  39 death scarabs
  32 hell knights
  9 deep troll earth magi
  16 naga sharpshooters
  A titan zombie (Hell)
  13 vampire magi
  13 shock serpents
  19 deep elf knights
  2 storm dragon zombies
  13 wretched stars
  4 orc high priests (Orc:2)
  13 sun demons
  31 thrashing horrors
  7 iron golems
  5 soul eaters
  40 skeletal warriors
  A fire crab (shapeshifter) (Elf:3)
  4 titan skeletons
  4 salamander mystics
  9 sixfirhies
  9 iron trolls
  A quicksilver dragon simulacrum (Abyss:5)
  A spark wasp zombie (Hell)
  A spatial maelstrom (Abyss:3)
  2 death drakes
  9 flayed ghosts
  15 sea snakes
  9 shadow wraiths
  A deep troll (shapeshifter) (D:15)
  2 golden dragon zombies
  43 deep trolls
  5 glowing orange brains
  A swamp dragon (shapeshifter) (Abyss:5)
  3 anaconda zombies
  An obsidian statue (Zot:4)
  2 storm dragon skeletons
  A shadow demon (Dis:7)
  4 unseen horrors
  A spriggan druid (Depths:1)
  12 naga ritualists
  A swamp dragon (Lair:6)
  2 gelid demonspawn
  13 ironbrand convokers
  15 necromancers
  6 phantasmal warriors
  2 shambling mangroves
  A shadow dragon zombie (Geh:7)
  2 wizards
  An orange crystal statue (D:14)
  10 deep elf archers
  65 starcursed masses
  13 mana vipers
  29 harpies
  2 iron dragon zombies
  9 shining eyes
  11 orc knights
  2 anaconda skeletons
  3 wolf spiders
  41 ugly things
  2 shadow dragon skeletons
  2 wolf spider zombies
  3 stone giant zombies
  6 worldbinders
  10 cyclopes
  5 fire giant zombies
  12 fauns
  24 moths of wrath
  13 manticores
  2 oklob plants (Lair:5)
  8 orc sorcerers
  64 deep elf magi
  A manticore (shapeshifter) (Vaults:5)
  8 frost giant zombies
  2 fire giant skeletons
  A moth of wrath (shapeshifter) (Elf:3)
  6 salamanders
  6 elephants
  2 tengu skeletons
  An ice statue (IceCv)
  4 iron dragon skeletons
  2 dire elephant zombies
  6 merfolk sirens
  24 rust devils
  An elephant (shapeshifter) (Vaults:2)
  15 vault sentinels
  A frost giant skeleton (Geh:6)
  3 stone giant skeletons
  16 naga magi
  40 black mambas
  2 eyes of devastation
  7 water nymphs
  3 apocalypse crabs
  2 dire elephant skeletons
  4 guardian serpents
  An eye of devastation (shapeshifter) (Vaults:3)
  4 centaur zombies
  23 smoke demons
  2 spiny frogs (shapeshifter)
  A torpor snail (shapeshifter) (Depths:3)
  A shock serpent skeleton (Geh:6)
  19 molten gargoyles
  3 rime drakes (Lair:6)
  2 spriggan zombies (Hell)
  3 orange demons
  19 spiny frogs
  6 komodo dragons
  A catoblepas zombie (Abyss:3)
  4 centaur skeletons
  An anaconda simulacrum (Hell)
  2 demonic crawlers (Abyss:3)
  2 yaktaurs (shapeshifter)
  12 tormentors
  11 hellions
  4 yaktaur zombies
  15 ice devils
  2 yaktaur skeletons
  30 yaktaurs
  A sea snake zombie (Crypt:2)
  2 efreet (Abyss:3)
  24 freezing wraiths
  13 guardian mummies
  10 ancient zymes
  8 red devils
  A hellwing (Abyss:1)
  6 trolls
  A meliai (shapeshifter) (Vaults:2)
  23 merfolk
  2 wind drakes
  4 tengu conjurers
  3 hydra zombies
  3 meliai
  11 hornets
  4 trolls (shapeshifter)
  A jumping spider (shapeshifter) (Vaults:5)
  20 raiju
  20 dream sheep
  3 ettin zombies
  2 hydra skeletons (Hell)
  An ice dragon zombie (Geh:7)
  A sphinx simulacrum (Vaults:4)
  A hippogriff (shapeshifter) (Depths:5)
  13 hippogriffs
  82 slime creatures
  21 blink frogs
  An iron dragon simulacrum (Abyss:3)
  An alligator zombie (Geh:7)
  2 fire dragon zombies
  10 snapping turtles
  The ghost of sadsongs the Sneak, an amateur OpWz (D:4)
  2 black mamba zombies (Dis:7)
  A meliai zombie (D:13)
  19 water elementals
  6 air elementals
  105 flying skulls
  4 redbacks
  A spriggan (Depths:2)
  8 ynoxinuls
  An ice dragon skeleton (Dis:7)
  17 wraiths
  4 ettin skeletons
  A fire dragon skeleton (Dis:7)
  10 ushabtiu
  A vampire (D:13)
  14 golden eyes
  2 spriggans (shapeshifter)
  A hog (shapeshifter) (Vaults:1)
  4 shadows
  34 yaks
  2 basilisks (Lair:6)
  6 wyverns
  A yak (shapeshifter) (Depths:4)
  An emperor scorpion simulacrum (Crypt:3)
  3 human simulacra
  26 fire elementals
  6 chaos spawn
  10 neqoxecs
  2 vampire mosquitoes (D:13)
  A death yak simulacrum (IceCv)
  Menkaure (D:5)
  A hungry ghost (Abyss:3)
  A swamp worm (shapeshifter) (Vaults:5)
  A harpy simulacrum (Crypt:3)
  3 acid dragons
  A glowing shapeshifter zombie (Crypt:1)
  65 nagas
  A naga (shapeshifter) (D:15)
  4 wargs
  A soldier ant (D:12)
  38 large abominations
  25 hell hounds
  27 water moccasins
  4 spiny frog zombies
  A deep troll skeleton (Crypt:1)
  A monstrous demonspawn skeleton (Crypt:1)
  2 swamp drakes (Lair:6)
  A floating eye (Depths:4)
  2 porcupines
  3 manticore zombies
  6 sky beasts
  A swamp drake (shapeshifter) (Vaults:5)
  9 ice beasts
  31 orc warriors
  2 spiny frog skeletons
  A black bear (shapeshifter) (Vaults:2)
  A lindwurm zombie (Crypt:1)
  8 eyes of draining
  An ice beast (shapeshifter) (Depths:3)
  7 necrophages
  29 ogres
  4 snapping turtle zombies
  7 phantoms
  A wolf (shapeshifter) (Abyss:5)
  An alligator simulacrum (Crypt:2)
  A swamp dragon skeleton (Geh:7)
  13 boggarts
  9 wolves
  A black bear (D:8)
  A crocodile (shapeshifter) (Vaults:1)
  14 centaurs
  A torpor snail zombie (Crypt:1)
  An elf skeleton (Vaults:3)
  14 crocodiles
  6 big kobolds
  4 human zombies
  An octopode zombie (Crypt:2)
  A gnoll sergeant (D:9)
  5 human skeletons
  9 bullfrogs
  3 earth elementals
  A wyvern zombie (D:14)
  20 small abominations
  A water moccasin zombie (D:9)
  3 scorpions
  A swamp dragon simulacrum (IceCv)
  A snapping turtle simulacrum (Crypt:2)
  21 killer bees
  3 electric eels
  A spriggan skeleton (Geh:7)
  4 wights (D:9)
  A howler monkey (D:11)
  10 crimson imps
  2 bullfrog zombies
  11 quasits
  3 draconian simulacra (IceCv)
  25 iron imps
  7 jellies
  9 hounds
  13 orc priests
  6 iguanas
  A basilisk skeleton (Crypt:1)
  A bullfrog skeleton (D:7)
  Jessica (D:3)
  24 orc wizards
  2 spriggan simulacra (IceCv)
  10 worker ants
  A statue (D:8)
  5 lightning spires (Zot:1)
  A killer bee zombie (D:8)
  A polar bear simulacrum (IceCv)
  5 troll simulacra (IceCv)
  A wolf simulacrum (IceCv)
  An acid dragon zombie (Crypt:1)
  3 centaur simulacra (IceCv)
  2 hound skeletons
  31 mummies
  7 gnolls
  3 naga simulacra (IceCv)
  14 adders
  4 ogre simulacra (IceCv)
  4 shadow imps
  21 white imps
  7 ufetubi
  An adder zombie (D:4)
  A lava snake skeleton (Crypt:1)
  2 worms
  3 dart slugs
  4 leopard geckos
  60 orcs
  4 giant cockroaches
  12 hobgoblins
  10 jackals
  2 ball pythons
  7 bats
  A frilled lizard (D:1)
  8 goblins
  24 kobolds
  A kobold zombie (Dis:7)
  2 leopard gecko skeletons
  7 rats
  4 briar patches (Abyss:3)
  A crawling corpse (Elf:3)
  3 fungi
  2 lurking horrors (Abyss:3)
  24 plants
  14 starspawn tentacles
  8 tentacles
3379 creatures vanquished.

Vanquished Creatures (collateral kills)
  A juggernaut (Depths:3)
  Saint Roka (Snake:3)
  Margery (Vaults:2)
  Nikola (Depths:2)
  An iron giant (Dis:7)
  A tentacled monstrosity (Vaults:4)
  A titan (Vaults:5)
  4 acid blobs
  An ancient champion (Tomb:3)
  Agnes (D:14)
  An azure jelly (Slime:1)
  A storm dragon (Vaults:4)
  2 tengu reavers
  A fire giant (Vaults:4)
  2 nagarajas (Snake:1)
  2 frost giants
  An iron dragon (Dis:7)
  A vault warden (Vaults:5)
  A cacodemon (Dis:7)
  2 deep elf sorcerers (Elf:3)
  A war gargoyle (Dis:7)
  2 entropy weavers
  An ironheart preserver (Vaults:2)
  3 reapers (Dis:7)
  A vampire knight (Depths:3)
  A very ugly thing (Depths:1)
  2 bennus (Tomb:3)
  2 deep elf demonologists
  2 deep elf annihilators
  A dire elephant (Depths:2)
  2 ettins
  A deep elf death mage (Elf:3)
  3 fire dragons
  A deep elf high priest (Elf:3)
  A mummy priest (Tomb:1)
  9 vault guards
  A spriggan air mage (Depths:3)
  A hydra (Vaults:2)
  A centaur warrior (D:14)
  2 ogre magi (Depths:1)
  4 deep troll earth magi
  5 two-headed ogres
  3 deep troll shamans (Depths:1)
  2 death scarabs (Tomb:1)
  A tengu warrior (D:14)
  2 hell knights
  An iron golem (Dis:7)
  A small abomination (Elf:3)
  Sonja (D:14)
  A skeletal warrior (Tomb:3)
  A cyclops (Vaults:2)
  3 iron trolls (Dis:7)
  A death drake (Depths:2)
  A glowing orange brain (Depths:1)
  4 deep trolls
  2 naga ritualists (Snake:1)
  A lindwurm (Depths:2)
  4 mana vipers
  A necromancer (D:13)
  An iron dragon zombie (Dis:7)
  3 deep elf magi
  A shining eye (Lair:5)
  A manticore (Vaults:2)
  2 salamanders
  13 slime creatures
  5 rust devils (Dis:7)
  A guardian serpent (Snake:4)
  3 naga magi
  3 black mambas
  An eye of devastation (shapeshifter) (Vaults:2)
  An eye of devastation (Slime:5)
  An efreet (D:13)
  A spiny frog (Lair:6)
  2 tormentors (Dis:7)
  12 guardian mummies (Tomb:3)
  A polar bear (Shoals:4)
  A merfolk (Shoals:4)
  A troll (D:13)
  A snapping turtle (Depths:2)
  2 air elementals (Depths:3)
  A tarantella (shapeshifter) (D:15)
  A black mamba zombie (Tomb:3)
  A vampire (D:13)
  A fire elemental (D:15)
  2 ushabtiu (Tomb:3)
  A wyvern (Lair:6)
  5 yaks (D:14)
  4 golden eyes (Slime:1)
  5 nagas (Snake:4)
  A water moccasin (Lair:6)
  A hell hound (D:15)
  6 orc warriors
  An ogre (Depths:1)
  A tengu (shapeshifter) (Vaults:2)
  2 boggarts (Depths:1)
  2 centaurs
  2 bullfrogs (D:14)
  2 electric eels (Lair:5)
  2 orc priests
  A bullfrog zombie (D:13)
  6 iron imps (Dis:7)
  3 mummies
  6 orcs
  2 crawling corpses (Elf:3)
220 creatures vanquished.

Vanquished Creatures (others)
  A Killer Klown (Zot:1)
  A lich (Tomb:3)
  2 acid blobs (Slime:5)
  An eldritch tentacle (Dis:7)
  2 storm dragons
  A frost giant (Depths:3)
  A ghost moth (Zot:1)
  2 vault wardens
  An emperor scorpion (Elf:3)
  3 stone giants
  A very ugly thing (Depths:3)
  A bennu (Tomb:3)
  4 spark wasps
  A dire elephant (Depths:2)
  An ettin (Vaults:1)
  A death ooze (Slime:5)
  5 yaktaur captains
  An ice dragon (Vaults:1)
  9 vault guards (Vaults:5)
  A quicksilver dragon skeleton (Tomb:2)
  A catoblepas (Elf:3)
  A centaur warrior (Depths:2)
  A satyr (Shoals:2)
  A shadow wraith (Vaults:3)
  A skeletal warrior (Tomb:3)
  A glowing orange brain (Elf:2)
  A deep troll (D:15)
  2 flayed ghosts (Crypt:3)
  2 deep elf archers
  An ironbrand convoker (Vaults:1)
  3 fauns
  A wolf spider (Elf:2)
  2 cyclopes
  A salamander (shapeshifter) (Vaults:2)
  A moth of wrath (Zot:1)
  2 ugly things
  A black mamba (Depths:2)
  A water nymph (Elf:3)
  A vault sentinel (Vaults:2)
  A spiny frog (Zot:2)
  A molten gargoyle (Geh:7)
  A spiny frog (shapeshifter) (D:15)
  12 yaktaurs
  5 guardian mummies
  A queen bee (Depths:2)
  5 slime creatures (D:15)
  A hornet (Depths:2)
  A dream sheep (Depths:2)
  6 flying skulls
  A shadow (Crypt:3)
  A spriggan (Depths:2)
  2 ushabtiu (Tomb:3)
  A wyvern (Shoals:4)
  A wraith (Geh:7)
  A golden eye (Zot:2)
  A neqoxec (Abyss:4)
  A soldier ant (Depths:2)
  A hell hound (Geh:7)
  A naga (Abyss:5)
  An ice beast (Shoals:4)
  5 ogres
  A black bear (Shoals:4)
  4 centaurs
  A snapping turtle skeleton (Tomb:2)
  A crocodile (Zot:2)
  2 big kobolds (D:9)
  2 gnoll sergeants (D:9)
  An iron imp (Dis:7)
  A worker ant (Zot:2)
  2 mummies
  4 gnolls (D:9)
  A worm (shapeshifter) (Shoals:4)
  18 ball lightnings
  2 orcs (D:9)
  A bush (Lair:6)
  21 fungi
  35 plants
  4 spectral weapons (Dis:7)
  32 starspawn tentacles
  13 tentacles
262 creatures vanquished.

Grand Total: 3861 creatures vanquished

Notes
Turn   | Place    | Note
-------+----------+-------------------------------------------
     0 | D:1      | vishdafish the Formicid Fighter began the quest for the Orb.
     0 | D:1      | Reached XP level 1. HP: 18/18 MP: 1/1
     2 | D:1      | Noticed a draconian
     2 | D:1      | Noticed a demigod
     4 | D:1      | Noticed a centaur
     4 | D:1      | Noticed a vine stalker
     8 | D:1      | Noticed a formicid
    10 | D:1      | Noticed a demonspawn
    10 | D:1      | Noticed an octopode
    12 | D:1      | Noticed a spriggan
    12 | D:1      | Noticed a halfling
    14 | D:1      | Noticed an elf
    14 | D:1      | Noticed a felid
    16 | D:1      | Noticed a tengu
    16 | D:1      | Noticed an ogre
    18 | D:1      | Noticed a naga
    18 | D:1      | Noticed a vampire
    20 | D:1      | Noticed a human
    22 | D:1      | Noticed a gargoyle
    24 | D:1      | Noticed a merfolk
    26 | D:1      | Noticed a troll
    26 | D:1      | Noticed a ghoul
    28 | D:1      | Noticed a minotaur
    28 | D:1      | Noticed a dwarf
    83 | D:1      | Reached XP level 2. HP: 16/24 MP: 2/2
   351 | D:1      | Reached XP level 3. HP: 30/30 MP: 3/3
   959 | D:2      | Reached skill level 4 in Fighting
   996 | D:2      | Reached XP level 4. HP: 37/37 MP: 4/4
  1563 | D:2      | Reached XP level 5. HP: 24/42 MP: 5/5
  2077 | D:2      | Found a snail-covered altar of Cheibriados.
  2432 | D:3      | Noticed Jessica
  2440 | D:3      | Killed Jessica
  2621 | D:3      | Noticed a sky beast
  2637 | D:3      | Killed a sky beast
  2637 | D:3      | Reached XP level 6. HP: 35/49 MP: 6/6
  2656 | D:3      | Gained mutation: You are frail. (-10% HP) [mutagenic meat]
  2657 | D:3      | Gained mutation: You are covered in fur. (AC +1) [mutagenic meat]
  2658 | D:3      | Lost mutation: You are frail. (-10% HP) [mutagenic meat]
  2659 | D:3      | Gained mutation: Your spells are a little easier to cast, but a little less powerful. [mutagenic meat]
  2660 | D:3      | Gained mutation: Your magical capacity is low. (-10% MP) [mutagenic meat]
  3244 | D:3      | Found a hazy altar of Hepliaklqana.
  3348 | D:4      | Reached skill level 5 in Shields
  3371 | D:4      | Noticed sadsongs's ghost (amateur OpWz)
  3477 | D:4      | HP: 1/49 [orc wizard/magic dart (8)]
  3484 | D:4      | Noticed a phantom
  3524 | D:4      | Noticed an ogre
  3536 | D:4      | Found a bloodstained altar of Trog.
  3536 | D:4      | Found a shattered altar of Ashenzari.
  3544 | D:4      | Killed an ogre
  3544 | D:4      | Reached skill level 5 in Fighting
  3544 | D:4      | Reached XP level 7. HP: 11/56 MP: 6/6
  3550 | D:4      | Killed sadsongs's ghost
  3550 | D:4      | Reached skill level 5 in Axes
  3550 | D:4      | Reached skill level 5 in Armour
  3864 | D:4      | Reached XP level 8. HP: 55/63 MP: 7/7
  3865 | D:4      | Found a staircase to the Ecumenical Temple.
  3886 | Temple   | Entered the Ecumenical Temple
  4521 | D:4      | Lost mutation: Your spells are a little easier to cast, but a little less powerful. [potion of mutation]
  4521 | D:4      | Lost mutation: You are covered in fur. (AC +1) [potion of mutation]
  4521 | D:4      | Lost mutation: Your magical capacity is low. (-10% MP) [potion of mutation]
  4521 | D:4      | Gained mutation: Your mind is acute. (Int +2) [potion of mutation]
  4521 | D:4      | Gained mutation: You are partially covered in icy blue scales. (AC +2) [potion of mutation]
  4773 | D:5      | Entered Level 5 of the Dungeon
  4806 | D:5      | Found an ornate altar of the Wu Jian Council.
  4973 | D:5      | Got a bloodstained hand axe
  4975 | D:5      | Identified the +9 hand axe "Lewe" {vamp, +Inv rElec SInv} (You found it on level 5 of the Dungeon)
  5058 | D:5      | Reached skill level 1 in Evocations
  5130 | D:5      | Found a sparkling altar of Nemelex Xobeh.
  5143 | D:5      | Became a worshipper of Nemelex Xobeh the Trickster
  5209 | D:5      | Received a gift from Nemelex Xobeh
  5314 | D:5      | Reached skill level 6 in Fighting
  5499 | D:5      | Noticed Menkaure
  5505 | D:5      | Killed Menkaure
  5505 | D:5      | Reached skill level 1 in Invocations
  5505 | D:5      | Reached XP level 9. HP: 54/69 MP: 10/10
  6186 | D:7      | Reached * piety under Nemelex Xobeh
  6615 | D:7      | Reached XP level 10. HP: 77/77 MP: 13/13
  6625 | D:7      | Found a burning altar of Makhleb.
  6637 | D:7      | Reached skill level 5 in Evocations
  6896 | D:7      | Reached skill level 5 in Invocations
  7084 | D:8      | Reached skill level 7 in Fighting
  7385 | D:8      | Received a gift from Nemelex Xobeh
  7408 | D:8      | Found a staircase to the Lair.
  7428 | D:8      | Found a shimmering altar of Xom.
  7494 | D:8      | Found an iron altar of Okawaru.
  7728 | D:8      | Found a radiant altar of Vehumet.
  8170 | D:9      | Reached ** piety under Nemelex Xobeh
  8508 | D:9      | Noticed a two-headed ogre
  8603 | D:8      | Gained mutation: You are partially covered in thin metallic scales. (AC +2) [mutagenic meat]
  8604 | D:8      | Gained mutation: Your magical capacity is low. (-10% MP) [mutagenic meat]
  8605 | D:8      | Gained mutation: You possess an exceptional clarity of mind. [mutagenic meat]
  8606 | D:8      | Lost mutation: Your magical capacity is low. (-10% MP) [mutagenic meat]
  8607 | D:8      | Gained mutation: You are agile. (Dex +2) [mutagenic meat]
  8698 | D:9      | Killed a two-headed ogre
  8698 | D:9      | Reached skill level 1 in Dodging
  8698 | D:9      | Reached XP level 11. HP: 53/84 MP: 14/16
  8718 | D:9      | Found Ysaigyg's Book Boutique.
  8784 | D:9      | Received a gift from Nemelex Xobeh
  8816 | D:9      | Found a staircase to the Orcish Mines.
  8817 | D:9      | Reached skill level 8 in Fighting
  9214 | D:10     | Entered Level 10 of the Dungeon
  9245 | D:10     | Noticed Erolcha
  9260 | D:10     | Killed Erolcha
  9780 | D:10     | Noticed a two-headed ogre
  9785 | D:10     | Killed a two-headed ogre
  9785 | D:10     | Reached XP level 12. HP: 94/94 MP: 18/18
  9915 | D:10     | Found a roughly hewn altar of Beogh.
  9992 | D:11     | Noticed Harold
 10152 | D:11     | Killed Harold
 10224 | D:11     | Gained mutation: You do not regenerate when monsters are visible. [mutagenic meat]
 10225 | D:11     | Gained mutation: You are partially covered in yellow scales. (AC +2) [mutagenic meat]
 10239 | D:11     | Received a gift from Nemelex Xobeh
 10472 | D:11     | Noticed a two-headed ogre
 10474 | D:11     | Reached skill level 10 in Axes
 10483 | D:11     | Killed a two-headed ogre
 10483 | D:11     | Reached skill level 5 in Dodging
 10519 | D:11     | Reached *** piety under Nemelex Xobeh
 10553 | D:11     | Received a gift from Nemelex Xobeh
 11053 | D:11     | Received a gift from Nemelex Xobeh
 11113 | D:12     | Got a faintly humming leather armour
 11124 | D:12     | Identified the +2 leather armour of Peruc {rPois} (You found it on level 12 of the Dungeon)
 11173 | D:12     | Noticed a two-headed ogre
 11178 | D:12     | Noticed a death drake
 11178 | D:12     | a two-headed ogre changed into a death drake
 11185 | D:12     | Noticed a two-headed ogre
 11185 | D:12     | Killed a death drake
 11322 | D:12     | Found Jicuas's Distillery.
 11340 | D:12     | Bought 2 potions of heal wounds for 140 gold pieces
 11340 | D:12     | Bought a potion of flight for 42 gold pieces
 11490 | D:12     | Reached skill level 9 in Fighting
 12142 | D:13     | Reached skill level 10 in Invocations
 12191 | D:13     | Noticed a two-headed ogre
 12191 | D:13     | Noticed a two-headed ogre
 12191 | D:13     | Noticed a two-headed ogre
 12210 | D:13     | Noticed a two-headed ogre
 12212 | D:13     | Found a gate to the Vaults.
 12217 | D:13     | Killed a two-headed ogre
 12250 | D:13     | Killed a two-headed ogre
 12254 | D:13     | Killed a two-headed ogre
 12260 | D:13     | Killed a two-headed ogre
 12260 | D:13     | Reached XP level 13. HP: 50/99 MP: 20/20
 12391 | D:13     | Received a gift from Nemelex Xobeh
 12398 | D:13     | Reached **** piety under Nemelex Xobeh
 12608 | D:13     | Gained mutation: You are frail. (-10% HP) [mutagenic glow]
 12661 | D:13     | Gained mutation: Scrolls take you a little longer to read. [mutagenic glow]
 12974 | D:14     | Found a runed door.
 12976 | D:14     | Noticed a centaur warrior
 12991 | D:14     | Killed a centaur warrior
 13000 | D:14     | Noticed Agnes
 13004 | D:14     | Killed Agnes
 13028 | D:14     | Found a runed door.
 13033 | D:14     | Received a gift from Nemelex Xobeh
 13044 | D:14     | Noticed Sonja
 13059 | D:14     | Killed Sonja
 13099 | D:14     | Found a portal to a secret trove of treasure.
 13135 | D:14     | Noticed a centaur warrior
 13150 | D:14     | Killed a centaur warrior
 13306 | D:14     | Noticed a centaur warrior
 13326 | D:14     | Killed a centaur warrior
 13354 | D:14     | Found a runed door.
 13360 | D:14     | Found a labyrinth entrance.
 13364 | Lab      | Entered a labyrinth
 13770 | Lab      | Noticed a minotaur
 13779 | Lab      | Killed a minotaur
 13810 | Lab      | Identified Neicona's Grimoire of Lucky Flames
 13815 | Lab      | Got a brightly glowing ring mail
 13826 | Lab      | Identified the cursed +1 ring mail "Cerynu" {rC+ Slay+4} (You found it in a labyrinth)
 13925 | D:14     | Noticed Rupert
 13933 | D:14     | Killed Rupert
 14002 | D:15     | Entered Level 15 of the Dungeon
 14096 | D:15     | Reached XP level 14. HP: 41/96 MP: 22/22
 14099 | D:15     | Reached skill level 10 in Fighting
 14465 | D:14     | Reached skill level 1 in Crossbows
 14549 | D:13     | Reached skill level 10 in Armour
 15175 | Lair:1   | Entered Level 1 of the Lair of Beasts
 15308 | Lair:1   | Lost mutation: Your mind is acute. (Int +2) [potion of mutation]
 15308 | Lair:1   | Lost mutation: You are frail. (-10% HP) [potion of mutation]
 15308 | Lair:1   | Lost mutation: You are agile. (Dex +2) [potion of mutation]
 15308 | Lair:1   | Gained mutation: Your spells are a little easier to cast, but a little less powerful. [potion of mutation]
 15308 | Lair:1   | Lost mutation: Your spells are a little easier to cast, but a little less powerful. [potion of mutation]
 15324 | Lair:1   | Received a gift from Nemelex Xobeh
 15360 | Lair:1   | Reached ***** piety under Nemelex Xobeh
 15542 | Lair:1   | Received a gift from Nemelex Xobeh
 16470 | Lair:2   | Received a gift from Nemelex Xobeh
 16723 | Lair:2   | Found a staircase to the Snake Pit.
 16792 | Lair:2   | Received a gift from Nemelex Xobeh
 17546 | Lair:3   | Found a frozen archway.
 17553 | IceCv    | Entered an ice cave
 17667 | IceCv    | Received a gift from Nemelex Xobeh
 17807 | IceCv    | Found an ancient bone altar of Kikubaaqudgha.
 18363 | Lair:3   | Received a gift from Nemelex Xobeh
 18694 | Lair:3   | Received a gift from Nemelex Xobeh
 19202 | Lair:4   | Reached ****** piety under Nemelex Xobeh
 19202 | Lair:4   | Found a staircase to the Shoals.
 19364 | Lair:4   | Received a gift from Nemelex Xobeh
 19989 | Lair:5   | Received a gift from Nemelex Xobeh
 20052 | Lair:5   | Reached XP level 15. HP: 40/117 MP: 24/24
 20577 | Lair:5   | Found a viscous altar of Jiyva.
 20577 | Lair:5   | Found a staircase to the Slime Pits.
 20593 | Lair:5   | Received a gift from Nemelex Xobeh
 20809 | Lair:5   | Reached skill level 5 in Crossbows
 21287 | Lair:5   | Received a gift from Nemelex Xobeh
 21396 | Lair:6   | Entered Level 6 of the Lair of Beasts
 22212 | Lair:6   | Reached skill level 10 in Dodging
 22761 | Lair:6   | Reached skill level 11 in Fighting
 22905 | Lair:6   | Lost mutation: You are partially covered in icy blue scales. (AC +2) [potion of mutation]
 22905 | Lair:6   | Lost mutation: Scrolls take you a little longer to read. [potion of mutation]
 22905 | Lair:6   | Lost mutation: You possess an exceptional clarity of mind. [potion of mutation]
 22905 | Lair:6   | Gained mutation: You are partially covered in icy blue scales. (AC +2) [potion of mutation]
 22962 | Lair:6   | Reached XP level 16. HP: 98/125 MP: 26/26
 23250 | Lair:6   | Received a gift from Nemelex Xobeh
 23613 | Orc:1    | Entered Level 1 of the Orcish Mines
 23758 | Orc:2    | Entered Level 2 of the Orcish Mines
 23920 | Orc:2    | Found a staircase to the Elven Halls.
 24239 | Orc:2    | Received a gift from Nemelex Xobeh
 24627 | Orc:2    | Found Efik's Jewellery Shoppe.
 24631 | Orc:2    | Found Tatukk's Antique Weapon Shop.
 24637 | Orc:2    | Found Gauqidd's Gadget Shop.
 24639 | Orc:2    | Found Efetig's Gadget Shoppe.
 25463 | D:14     | Found a runed door.
 25744 | D:15     | Received a gift from Nemelex Xobeh
 25818 | D:15     | Gained mutation: You passively map a small area around you. [mutagenic meat]
 25820 | D:15     | Gained mutation: Potions are less effective at restoring your health. [mutagenic meat]
 25821 | D:15     | Gained mutation: Your muscles are strong. (Str +2) [mutagenic meat]
 25840 | D:15     | Found a staircase to the Depths.
 25847 | D:15     | Gained mutation: Your magical capacity is low. (-10% MP) [mutagenic meat]
 25850 | D:15     | Gained mutation: Your muscles are very strong. (Str +4) [mutagenic meat]
 25943 | D:15     | Learned a level 6 spell: Statue Form
 25954 | D:15     | Found Unera's Weapon Shop.
 26029 | D:15     | Noticed Azrael
 26055 | D:15     | Killed Azrael
 26055 | D:15     | Reached skill level 1 in Spellcasting
 26062 | D:15     | Lost mutation: Your muscles are very strong. (Str +4) [mutagenic meat]
 26063 | D:15     | Lost mutation: You do not regenerate when monsters are visible. [mutagenic meat]
 26153 | D:15     | Noticed Roxanne
 26161 | D:15     | Killed Roxanne
 26716 | Depths:1 | Entered Level 1 of the Depths
 26716 | Depths:1 | Found Loig's Magic Scroll Shop.
 26717 | Depths:1 | Found a gateway to Hell.
 27207 | Depths:1 | Bought a scroll of identify for 28 gold pieces
 27207 | Depths:1 | Bought a scroll of identify for 28 gold pieces
 27222 | Depths:1 | Received a gift from Nemelex Xobeh
 27638 | Depths:1 | Gained mutation: You have sharp toenails. [mutagenic meat]
 27747 | Depths:1 | Noticed a tengu reaver
 27747 | Depths:1 | Noticed an iron dragon
 27747 | Depths:1 | a red very ugly thing changed into an iron dragon
 27747 | Depths:1 | Noticed a quicksilver dragon
 27747 | Depths:1 | a tengu reaver changed into a quicksilver dragon
 28067 | D:15     | Reached XP level 17. HP: 132/132 MP: 24/24
 28720 | Depths:1 | Found a sparkling altar of Nemelex Xobeh.
 28991 | Depths:1 | Received a gift from Nemelex Xobeh
 29312 | Depths:1 | Reached skill level 5 in Spellcasting
 29315 | Depths:1 | Reached skill level 12 in Fighting
 30284 | Snake:1  | Entered Level 1 of the Snake Pit
 30442 | Snake:1  | Received a gift from Nemelex Xobeh
 30597 | Snake:1  | Reached skill level 10 in Crossbows
 31127 | Snake:1  | Reached skill level 1 in Earth Magic
 31553 | Snake:1  | Found a transporter.
 31554 | Snake:1  | Found the ominously black robe
 31558 | Snake:1  | Found a radiant altar of Vehumet.
 31599 | Snake:1  | Reached XP level 18. HP: 109/141 MP: 20/25
 32023 | Snake:1  | Found a transporter.
 32063 | Snake:1  | Received a gift from Nemelex Xobeh
 32208 | Snake:1  | Reached skill level 15 in Axes
 32882 | Snake:2  | Reached skill level 5 in Earth Magic
 33193 | Snake:2  | Received a gift from Nemelex Xobeh
 33441 | Snake:2  | Received a gift from Nemelex Xobeh
 34292 | Snake:2  | Received a gift from Nemelex Xobeh
 35279 | Snake:3  | Noticed Saint Roka
 35310 | Snake:3  | Killed Saint Roka
 35377 | Snake:3  | Noticed Aizul
 35379 | Snake:3  | Noticed Aizul
 35379 | Snake:3  | Aizul changed into Aizul the entropy weaver
 35389 | Snake:3  | Killed Aizul the entropy weaver
 35646 | Snake:3  | Received a gift from Nemelex Xobeh
 35744 | Snake:3  | Noticed Vashnia
 35744 | Snake:3  | Reached skill level 1 in Transmutations
 35756 | Snake:3  | Killed Vashnia
 35780 | Snake:3  | Reached skill level 10 in Shields
 36193 | Snake:3  | Received a gift from Nemelex Xobeh
 36254 | Snake:3  | Reached XP level 19. HP: 110/148 MP: 22/26
 36668 | Snake:4  | Entered Level 4 of the Snake Pit
 37131 | Snake:4  | Reached skill level 13 in Fighting
 37962 | Snake:4  | Received a gift from Nemelex Xobeh
 38557 | Snake:4  | Got a serpentine rune of Zot
 40754 | Orc:2    | Bought the brooch of Shielding {Reflect SH+8} for 1488 gold pieces
 40754 | Orc:2    | Found the brooch of Shielding {Reflect SH+8}
 41090 | Depths:2 | Noticed the Enchantress
 41103 | Depths:2 | Noticed the Enchantress
 41103 | Depths:2 | the Enchantress changed into the Enchantress the dire elephant
 41104 | Depths:2 | Killed the Enchantress the dire elephant
 41114 | Depths:2 | Reached XP level 20. HP: 52/157 MP: 27/27
 41539 | Depths:2 | Noticed Asterion
 41543 | Depths:2 | Killed Asterion
 41545 | Depths:2 | Got faerie dragon scales
 41556 | Depths:2 | Identified the +7 faerie dragon scales {-Tele rCorr Int+5} (You found it on level 2 of the Depths)
 41606 | Depths:2 | Received a gift from Nemelex Xobeh
 41606 | Depths:2 | Found a one-way gate leading to the halls of Pandemonium.
 41725 | D:14     | You paid a toll of a +7 demon whip to enter a treasure trove
 41726 | Trove    | Entered a treasure trove
 41785 | Trove    | Got a pitted platinum amulet
 41788 | Trove    | Got a flickering ivory amulet
 41791 | Trove    | Identified the amulet "Jourchee" {Faith +Inv Slay+2} (You found it in a treasure trove)
 41792 | Trove    | Identified the amulet of Keyco {*Corrode +Inv rElec Regen+ Int+5} (You found it in a treasure trove)
 41971 | Depths:2 | Received a gift from Nemelex Xobeh
 42041 | Depths:2 | Noticed Nikola
 42055 | Depths:2 | Killed Nikola
 42055 | Depths:2 | Reached skill level 5 in Transmutations
 42708 | Depths:3 | Received a gift from Nemelex Xobeh
 42931 | Depths:3 | Noticed a caustic shrike
 42957 | Depths:3 | Killed a caustic shrike
 42974 | Depths:3 | Noticed a juggernaut
 42993 | Depths:3 | Killed a juggernaut
 43017 | Depths:3 | Noticed a lich
 43019 | Depths:3 | Killed a lich
 43477 | Depths:3 | Gained mutation: Your flesh is cold resistant. (rC+) [mutagenic meat]
 43478 | Depths:3 | Lost mutation: You passively map a small area around you. [mutagenic meat]
 43479 | Depths:3 | Gained mutation: You are frail. (-10% HP) [mutagenic meat]
 43482 | Depths:3 | Gained mutation: You have razor-sharp toenails. [mutagenic meat]
 43486 | Depths:3 | Lost mutation: Your muscles are strong. (Str +2) [mutagenic meat]
 43492 | Depths:3 | Gained mutation: You have claws for feet. [mutagenic meat]
 43501 | Depths:3 | Gained mutation: You evolve. [mutagenic meat]
 43508 | Depths:3 | Lost mutation: You evolve. [potion of mutation]
 43508 | Depths:3 | Lost mutation: Your flesh is cold resistant. (rC+) [potion of mutation]
 43508 | Depths:3 | Gained mutation: You evolve. [potion of mutation]
 43508 | Depths:3 | Gained mutation: Your mind is acute. (Int +2) [potion of mutation]
 43518 | Depths:3 | Gained mutation: Your system is resistant to poisons. (rPois) [mutagenic meat]
 43519 | Depths:3 | Gained mutation: You expend magic power (3 MP) to strengthen your wands. [mutagenic meat]
 43520 | Depths:3 | Lost mutation: You expend magic power (3 MP) to strengthen your wands. [mutagenic meat]
 43521 | Depths:3 | Gained mutation: Your flesh is heat resistant. (rF+) [mutagenic meat]
 43556 | Depths:3 | Gained mutation: Your flesh is very heat resistant. (rF++) [evolution]
 43559 | Depths:3 | Noticed a tentacled monstrosity
 43562 | Depths:3 | Killed a tentacled monstrosity
 43672 | Depths:3 | Reached skill level 14 in Fighting
 43672 | Depths:3 | Reached XP level 21. HP: 10/148 MP: 28/28
 43677 | Depths:3 | HP: 6/148 [spriggan air mage/bolt of lightning (24)]
 43740 | Depths:3 | Received a gift from Nemelex Xobeh
 44359 | Shoals:1 | Entered Level 1 of the Shoals
 45140 | Shoals:1 | Received a gift from Nemelex Xobeh
 45462 | Shoals:2 | Received a gift from Nemelex Xobeh
 45609 | Shoals:2 | Found Diorupusch's Book Shop.
 45620 | Shoals:2 | Received a gift from Nemelex Xobeh
 46125 | Shoals:3 | Received a gift from Nemelex Xobeh
 46296 | Shoals:3 | Received a gift from Nemelex Xobeh
 46549 | Shoals:4 | Entered Level 4 of the Shoals
 46589 | Shoals:4 | Noticed Ilsuiw
 46609 | Shoals:4 | Killed Ilsuiw
 47123 | Shoals:4 | Received a gift from Nemelex Xobeh
 47152 | Shoals:4 | Reached skill level 15 in Crossbows
 47154 | Shoals:4 | Reached XP level 22. HP: 34/155 MP: 29/29
 47175 | Shoals:4 | Reached skill level 15 in Shields
 47541 | Shoals:4 | Got a barnacled rune of Zot
 47757 | Shoals:4 | Found Ysahidu's Food Shop.
 47764 | Shoals:4 | Found Ceasix's Food Shop.
 48295 | Elf:1    | Entered Level 1 of the Elven Halls
 48436 | Elf:1    | Received a gift from Nemelex Xobeh
 49167 | Elf:1    | Cast into level 2 of the Abyss (glaive of distortion)
 49478 | Abyss:2  | Reached skill level 10 in Transmutations
 49497 | Elf:1    | Escaped the Abyss
 49612 | Elf:1    | Reached skill level 15 in Fighting
 49626 | Elf:1    | Received a gift from Nemelex Xobeh
 50017 | Elf:2    | Found Jiudile's Jewellery Shoppe.
 50195 | Elf:2    | Gained mutation: Your spells are a little easier to cast, but a little less powerful. [a neqoxec]
 50258 | Elf:2    | Found a huge runed gate.
 50258 | Elf:2    | Found a huge runed gate.
 50264 | Elf:2    | Found a huge runed gate.
 50264 | Elf:2    | Found a huge runed gate.
 50264 | Elf:2    | Found a huge runed gate.
 50467 | Elf:2    | Received a gift from Nemelex Xobeh
 50798 | Elf:2    | Reached XP level 23. HP: 146/162 MP: 30/30
 51120 | Elf:2    | Got a faintly glowing marble ring
 51122 | Elf:2    | Identified the ring "Nekipyng" {rPois Str-3 Int-2 Dex+4 SInv} (You found it on level 2 of the Elven Halls)
 51143 | Elf:2    | Identified Sif Muna's Incunabulum of Creative Evil
 51445 | Elf:3    | Entered Level 3 of the Elven Halls
 51488 | Elf:3    | Received a gift from Nemelex Xobeh
 51819 | Elf:3    | HP: 3/164 [deep elf sorcerer/damnation (29)]
 52067 | Elf:3    | Lost mutation: You are partially covered in thin metallic scales. (AC +2) [evolution]
 52357 | Elf:3    | Identified Roekieso's Grimoire of Transmigration and the Volcanoes
 52740 | Elf:3    | Received a gift from Nemelex Xobeh
 52797 | Elf:3    | Found the +6 Majin-Bo {vamp, Archmagi MP+6 Int+6}
 52821 | Elf:3    | Identified the +7 arbalest "Wocuh" {velocity, rElec Int+2} (You found it on level 3 of the Elven Halls)
 52885 | Elf:3    | Identified the ring of the Dozen Dances {rPois rF+ rN+ MP+9} (You found it on level 3 of the Elven Halls)
 52927 | Elf:3    | Identified the Guide on Conjuration and Earth
 53409 | Slime:1  | Entered Level 1 of the Pits of Slime
 53421 | Slime:1  | Gained mutation: Your spells are easier to cast, but less powerful. [a shining eye]
 53463 | Lair:5   | Gained mutation: Your body sometimes deteriorates upon taking damage. [a shining eye]
 53493 | Lair:5   | Reached skill level 16 in Fighting
 54464 | Vaults:1 | Entered Level 1 of the Vaults
 54554 | Vaults:1 | Lost mutation: Your body sometimes deteriorates upon taking damage. [mutagenic meat]
 54802 | Vaults:1 | Reached XP level 24. HP: 113/171 MP: 30/30
 54895 | Vaults:1 | Lost mutation: Your magical capacity is low. (-10% MP) [mutagenic meat]
 54896 | Vaults:1 | Lost mutation: You evolve. [mutagenic meat]
 54996 | Vaults:1 | Lost mutation: Your mind is acute. (Int +2) [mutagenic meat]
 55142 | Vaults:1 | Received a gift from Nemelex Xobeh
 55390 | Vaults:1 | Gained mutation: You are partially covered in iridescent scales. (AC +2) [mutagenic meat]
 55667 | Vaults:2 | Noticed Frederick
 55673 | Vaults:2 | Killed Frederick
 55721 | Vaults:2 | Identified the +4 plate armour "Piesoim" {Int+6} (You found it on level 2 of the Vaults)
 55793 | Vaults:2 | Reached skill level 10 in Earth Magic
 55823 | Vaults:2 | Noticed Mennas
 55856 | Vaults:2 | Killed Mennas
 56344 | Vaults:2 | Noticed Margery
 56356 | Vaults:2 | Killed Margery
 56744 | Vaults:2 | Lost mutation: You are partially covered in yellow scales. (AC +2) [mutagenic meat]
 56816 | Vaults:2 | Received a gift from Nemelex Xobeh
 56831 | Vaults:2 | Lost mutation: You are frail. (-10% HP) [potion of mutation]
 56831 | Vaults:2 | Lost mutation: Your spells are easier to cast, but less powerful. [potion of mutation]
 56831 | Vaults:2 | Lost mutation: You are partially covered in icy blue scales. (AC +2) [potion of mutation]
 56831 | Vaults:2 | Gained mutation: You are clumsy. (Dex -2) [potion of mutation]
 56831 | Vaults:2 | Gained mutation: You are partially covered in thin metallic scales. (AC +2) [potion of mutation]
 56831 | Vaults:2 | Gained mutation: You have a somewhat thin skeletal structure. (Dex +2, Stealth) [potion of mutation]
 56942 | Vaults:2 | Gained mutation: Your magical capacity is low. (-10% MP) [mutagenic meat]
 57366 | Vaults:3 | Upgraded the game from 0.21-a0-279-g6037ffb to 0.21-a0-283-g622b906
 57437 | Vaults:3 | Reached skill level 17 in Fighting
 57545 | Vaults:3 | Reached XP level 25. HP: 201/201 MP: 30/30
 57640 | Vaults:3 | Found a staircase to the Crypt.
 57991 | Vaults:3 | Gained mutation: You evolve. [mutagenic meat]
 58092 | Vaults:3 | Received a gift from Nemelex Xobeh
 58361 | Vaults:3 | Learned a level 4 spell: Leda's Liquefaction
 58514 | Vaults:3 | Gained mutation: Your flesh is almost immune to the effects of heat. (rF+++) [evolution]
 58654 | Vaults:3 | Found Uliom's Magic Scroll Shop.
 58660 | Vaults:3 | Bought a scroll of acquirement for 624 gold pieces
 58672 | Vaults:3 | Got a warped steel ring
 58674 | Vaults:3 | Identified the ring of Leuntag {Ice Int+4} (You acquired it on level 3 of the Vaults)
 58723 | Vaults:3 | Received a gift from Nemelex Xobeh
 59010 | Vaults:4 | Cast into level 3 of the Abyss (a deep elf sorcerer)
 59276 | Vaults:4 | Escaped the Abyss
 59320 | Vaults:4 | Lost mutation: Your system is resistant to poisons. (rPois) [mutagenic meat]
 59826 | Vaults:4 | Received a gift from Nemelex Xobeh
 60239 | Vaults:4 | Got a shimmering lapis lazuli ring
 60241 | Vaults:4 | Identified the ring of Lady Luck {Fire Str+4 Dex+2 Slay-4} (You found it on level 4 of the Vaults)
 60433 | Vaults:4 | Reached XP level 26. HP: 184/211 MP: 30/30
 60585 | Vaults:4 | Received a gift from Nemelex Xobeh
 60682 | Vaults:4 | Found an opulent altar of Gozag.
 60688 | Vaults:4 | Lost mutation: Your magical capacity is low. (-10% MP) [potion of mutation]
 60688 | Vaults:4 | Lost mutation: You have claws for feet. [potion of mutation]
 60688 | Vaults:4 | Lost mutation: Your spells are a little easier to cast, but a little less powerful. [potion of mutation]
 60688 | Vaults:4 | Gained mutation: You have sharp fingernails. [potion of mutation]
 60688 | Vaults:4 | Lost mutation: Potions are less effective at restoring your health. [potion of mutation]
 60688 | Vaults:4 | Gained mutation: You are robust. (+10% HP) [potion of mutation]
 60917 | Vaults:5 | Entered Level 5 of the Vaults
 60925 | Vaults:5 | Reached skill level 18 in Fighting
 61072 | Vaults:4 | Gained mutation: Your spells are a little harder to cast, but a little more powerful. [evolution]
 62336 | Vaults:5 | Noticed an ancient lich
 62340 | Vaults:5 | Killed an ancient lich
 62552 | Vaults:5 | Reached XP level 27. HP: 240/240 MP: 33/33
 62811 | Vaults:5 | Got a silver rune of Zot
 62942 | Vaults:5 | Found the +6 shillelagh "Devastator" {shatter}
 63193 | Vaults:5 | Received a gift from Nemelex Xobeh
 63340 | Vaults:5 | Got a twitching lapis lazuli ring
 63344 | Vaults:5 | Identified the ring "Riuzat" {*Corrode rPois rF+ rN+ MP+9} (You took it off an ironheart preserver on level 5 of the Vaults)
 64009 | Crypt:1  | Entered Level 1 of the Crypt
 64015 | Crypt:1  | Noticed Donald
 64039 | Crypt:1  | Killed Donald
 64280 | Crypt:1  | Reached skill level 19 in Fighting
 64586 | Crypt:1  | Received a gift from Nemelex Xobeh
 64893 | Crypt:2  | Received a gift from Nemelex Xobeh
 65345 | Crypt:2  | Received a gift from Nemelex Xobeh
 65840 | Crypt:2  | Reached skill level 15 in Invocations
 66014 | Crypt:3  | Entered Level 3 of the Crypt
 66289 | Crypt:3  | Found an ancient bone altar of Kikubaaqudgha.
 66668 | Crypt:3  | Gained mutation: You are resistant to hostile enchantments. (MR+) [evolution]
 66687 | Crypt:3  | Found a staircase to the Tomb.
 66687 | Crypt:3  | Noticed Jory
 66699 | Crypt:3  | Killed Jory
 67032 | Crypt:3  | Got a glittering marble ring
 67034 | Crypt:3  | Identified the ring "Japo" {rN+ Dex+5} (You took it off a vampire knight on level 3 of the Crypt)
 67049 | Crypt:3  | Identified the ring of the Modern Allies {-Tele *Drain rElec rN+ Dex+10} (You took it off a vampire knight on level 3 of the Crypt)
 67063 | Crypt:3  | Identified the Catalogue of Conjuration
 67104 | Crypt:3  | Received a gift from Nemelex Xobeh
 69054 | Slime:3  | Received a gift from Nemelex Xobeh
 69168 | Slime:3  | Received a gift from Nemelex Xobeh
 69812 | Slime:4  | Gained mutation: You are weak. (Str -2) [a shining eye]
 69814 | Slime:4  | Gained mutation: You are very clumsy. (Dex -4) [a shining eye]
 70019 | Slime:4  | Received a gift from Nemelex Xobeh
 70134 | Slime:5  | Entered Level 5 of the Pits of Slime
 70155 | Slime:5  | Noticed the Royal Jelly
 70166 | Slime:5  | Reached skill level 20 in Fighting
 70169 | Slime:5  | Noticed a caustic shrike shaped Royal Jelly
 70169 | Slime:5  | the Royal Jelly changed into a caustic shrike shaped Royal Jelly
 70906 | Slime:5  | Found a viscous altar of Jiyva.
 70908 | Slime:5  | Found the ring of Phasing {EV+8}
 70931 | Slime:5  | Killed a caustic shrike shaped Royal Jelly
 70988 | Slime:5  | Got a pitted tin ring
 70994 | Slime:5  | Identified the ring "Zesham" {-Tele rC+ MR+ MP+9} (You found it on level 5 of the Pits of Slime)
 71048 | Slime:5  | Identified the Grimoire of the Helpful Oath
 71054 | Slime:5  | Got a slimy rune of Zot
 72050 | Tomb:1   | Entered Level 1 of the Tomb of the Ancients
 72106 | Tomb:1   | Received a gift from Nemelex Xobeh
 72604 | Tomb:1   | Noticed a greater mummy
 72621 | Tomb:1   | Killed a greater mummy
 73061 | Tomb:1   | Received a gift from Nemelex Xobeh
 73317 | Tomb:1   | Noticed a greater mummy
 73333 | Tomb:1   | Killed a greater mummy
 74109 | Tomb:1   | Lost mutation: You are resistant to hostile enchantments. (MR+) [evolution]
 74661 | Depths:2 | Gained mutation: Your magical capacity is low. (-10% MP) [mutagenic glow]
 74700 | Depths:2 | Gained mutation: Scrolls take you a little longer to read. [mutagenic glow]
 75117 | Depths:2 | Cast into level 5 of the Abyss (a distortion unwield)
 75117 | Abyss:5  | Entered Level 5 of the Abyss
 75117 | Abyss:5  | Found a corrupted altar of Lugonu.
 75386 | Abyss:5  | Gained mutation: Scrolls take you longer to read. [a neqoxec]
 75391 | Abyss:5  | Gained mutation: You are dopey. (Int -2) [a neqoxec]
 75436 | Depths:2 | Escaped the Abyss
 75797 | Depths:2 | Lost mutation: Your spells are a little harder to cast, but a little more powerful. [potion of mutation]
 75797 | Depths:2 | Lost mutation: You are robust. (+10% HP) [potion of mutation]
 75797 | Depths:2 | Lost mutation: Your magical capacity is low. (-10% MP) [potion of mutation]
 75797 | Depths:2 | Lost mutation: You have a somewhat thin skeletal structure. (Dex +2, Stealth) [potion of mutation]
 75797 | Depths:2 | Lost mutation: You are dopey. (Int -2) [potion of mutation]
 75797 | Depths:2 | Gained mutation: You passively map a small area around you. [potion of mutation]
 76329 | Tomb:2   | Noticed a greater mummy
 76329 | Tomb:2   | Noticed a greater mummy
 76329 | Tomb:2   | Noticed a greater mummy
 76329 | Tomb:2   | Noticed a greater mummy
 76561 | Tomb:2   | Reached skill level 10 in Spellcasting
 77574 | Slime:5  | Learned a level 3 spell: Portal Projectile
 78876 | D:14     | Cast into level 5 of the Abyss (a distortion unwield)
 78876 | Abyss:5  | Entered Level 5 of the Abyss
 78918 | Abyss:5  | Reached skill level 1 in Hexes
 78918 | Abyss:5  | Reached skill level 1 in Translocations
 78947 | D:14     | Escaped the Abyss
 79123 | Depths:3 | You fall through a shaft!
 79123 | Depths:4 | Received a gift from Nemelex Xobeh
 80103 | Depths:4 | Found a gateway to a ziggurat.
 80155 | Depths:4 | Reached skill level 5 in Hexes
 80509 | Depths:4 | Found a one-way gate to the infinite horrors of the Abyss.
 80921 | Depths:5 | Entered Level 5 of the Depths
 80933 | Depths:5 | Received a gift from Nemelex Xobeh
 81015 | Depths:5 | Reached skill level 5 in Translocations
 81044 | Depths:5 | Noticed Sojobo
 81365 | Depths:4 | Lost mutation: Scrolls take you longer to read. [mutagenic meat]
 81367 | Depths:4 | Lost mutation: Scrolls take you a little longer to read. [mutagenic meat]
 81394 | Depths:4 | Killed Sojobo
 81628 | Depths:5 | Reached skill level 21 in Fighting
 81673 | Depths:5 | Found a gate to the Realm of Zot.
 81712 | Depths:5 | Found Geluw's General Store.
 82032 | Zot:1    | Entered Level 1 of the Realm of Zot
 83064 | Zot:1    | Reached skill level 22 in Fighting
 83662 | Zot:2    | Received a gift from Nemelex Xobeh
 83764 | Zot:2    | Received a gift from Nemelex Xobeh
 83961 | Zot:2    | Found a transporter.
 84411 | Zot:2    | Found a transporter.
 84443 | Zot:2    | Received a gift from Nemelex Xobeh
 84447 | Zot:2    | Got a coiled lead ring
 84448 | Zot:2    | Identified the ring "Ceuj" {Wiz Slay+3} (You found it on level 2 of the Realm of Zot)
 84551 | Zot:2    | Reached skill level 23 in Fighting
 85294 | Zot:3    | Reached skill level 24 in Fighting
 85327 | Zot:3    | Gained mutation: You are partially covered in molten scales. (AC +2) [evolution]
 85419 | Zot:3    | Received a gift from Nemelex Xobeh
 86058 | Zot:4    | Identified the cursed +3 arbalest of Tajoagei {venom, *Contam +Blink rF+++ SInv} (You found it on level 4 of the Realm of Zot)
 86075 | Zot:4    | Found a transporter.
 86076 | Zot:4    | Found a transporter.
 86214 | Zot:4    | Identified the cursed scarf of Supple Strength {rF+ MR+} (You found it on level 4 of the Realm of Zot)
 86274 | Zot:4    | Reached skill level 25 in Fighting
 86565 | Zot:4    | Received a gift from Nemelex Xobeh
 87139 | Zot:4    | Received a gift from Nemelex Xobeh
 87598 | Depths:4 | Voluntarily entered the Abyss.
 87600 | Abyss:1  | Found a corrupted altar of Lugonu.
 87712 | Abyss:1  | Found a corrupted altar of Lugonu.
 87842 | Abyss:1  | Reached skill level 26 in Fighting
 87993 | Abyss:1  | Found a basalt altar of Yredelemnul.
 88063 | Abyss:2  | Received a gift from Nemelex Xobeh
 88946 | Abyss:3  | Reached skill level 27 in Fighting
 89075 | Abyss:3  | Found a corrupted altar of Lugonu.
 89545 | Abyss:3  | Received a gift from Nemelex Xobeh
 89664 | Abyss:3  | Got an abyssal rune of Zot
 89674 | Abyss:4  | Found a hazy altar of Hepliaklqana.
 89801 | Depths:4 | Escaped the Abyss
 89880 | Depths:4 | Lost mutation: You are weak. (Str -2) [evolution]
 90873 | Crypt:1  | Learned a level 4 spell: Animate Dead
 90877 | Crypt:1  | Learned a level 3 spell: Regeneration
 90882 | Crypt:1  | Learned a level 4 spell: Control Undead
 91184 | Hell     | Entered the Vestibule of Hell
 91184 | Hell     | Noticed Geryon
 91219 | Hell     | Killed Geryon
 91219 | Hell     | Reached skill level 1 in Charms
 91219 | Hell     | Reached skill level 1 in Necromancy
 91264 | Hell     | Noticed an ancient lich
 91268 | Hell     | Killed an ancient lich
 91398 | Hell     | Reached skill level 5 in Necromancy
 91595 | Hell     | Found a gateway to the Iron City of Dis.
 91708 | Hell     | Found a gateway to the decaying netherworld of Tartarus.
 91756 | Hell     | Found a gateway to the ashen valley of Gehenna.
 91851 | Hell     | Found a gateway to the freezing wastes of Cocytus.
 91854 | Hell     | Received a gift from Nemelex Xobeh
 91986 | Geh:1    | Entered Level 1 of Gehenna
 92008 | Geh:1    | You fall through a shaft!
 92014 | Geh:2    | You fall through a shaft!
 92025 | Geh:3    | You fall through a shaft!
 92153 | Geh:4    | You fall through a shaft for 2 floors!
 92268 | Geh:7    | Entered Level 7 of Gehenna
 92578 | Geh:7    | Reached skill level 10 in Necromancy
 92735 | Geh:7    | Received a gift from Nemelex Xobeh
 93018 | Geh:7    | Reached skill level 15 in Dodging
 93092 | Geh:7    | Found the amulet of the Air {Inacc +Fly rElec EV+5 RMsl}
 93130 | Geh:7    | Identified the +6 scythe of Eternal Harmony {protect, -Tele rElec Str+4 Int+3} (You found it on level 7 of Gehenna)
 93228 | Geh:7    | Noticed Asmodeus
 93262 | Geh:7    | Killed Asmodeus
 93268 | Geh:7    | Got an obsidian rune of Zot
 93810 | Depths:4 | Learned a level 1 spell: Apportation
 93913 | Depths:1 | Learned a level 5 spell: Lee's Rapid Deconstruction
 94320 | Snake:1  | Learned a level 6 spell: Death Channel
 94581 | Slime:5  | Learned a level 2 spell: Song of Slaying
 94585 | Slime:5  | Learned a level 3 spell: Spectral Weapon
 95075 | Dis:1    | Entered Level 1 of the Iron City of Dis
 95079 | Dis:1    | You fall through a shaft!
 95165 | Dis:2    | You fall through a shaft for 2 floors!
 95168 | Dis:4    | You fall through a shaft for 2 floors!
 95171 | Dis:6    | You fall through a shaft!
 95171 | Dis:7    | Entered Level 7 of the Iron City of Dis
 95427 | Dis:7    | Identified the Catalogue of the Sinister Entourage
 95435 | Dis:7    | Learned a level 5 spell: Dispel Undead
 95818 | Dis:7    | Found the +8 autumn katana {slice, Clar}
 95952 | Dis:7    | Received a gift from Nemelex Xobeh
 97723 | Dis:7    | Noticed Dispater
 97761 | Dis:7    | Killed Dispater
 97815 | Dis:7    | Gained mutation: Your spells are a little easier to cast, but a little less powerful. [a cacodemon]
 97837 | Dis:7    | Got an iron rune of Zot
 98772 | Tomb:2   | You fall through a shaft!
 98772 | Tomb:3   | Entered Level 3 of the Tomb of the Ancients
 98777 | Tomb:3   | Noticed a greater mummy
 98778 | Tomb:3   | Noticed a greater mummy
 98778 | Tomb:3   | Noticed an ancient lich
 98779 | Tomb:3   | Noticed a greater mummy
 98782 | Tomb:3   | Noticed a greater mummy
 98783 | Tomb:3   | Noticed p0werm0de's ghost (veteran DsFE)
 98788 | Tomb:3   | Noticed a greater mummy
 98790 | Tomb:3   | Noticed a greater mummy
 98792 | Tomb:3   | Noticed a greater mummy
 98792 | Tomb:3   | Killed an ancient lich
 98796 | Tomb:3   | HP: 16/323 [emperor scorpion[a greater mummy] (7)]
 98797 | Tomb:3   | HP: 3/323 [emperor scorpion[a greater mummy] (10)]
 98797 | Tomb:3   | Killed from afar by a greater mummy

Vault maps used:
D:1:      kb_arrival_jail
D:2:      cheibriados_altar_1, first_bread
D:3:      lemuel_coloured_pillars_altar, hex_tiny, uniq_jessica
D:4:      gammafunk_temple_overflow_elements, minmay_temple_entry_mist,
          kennysheep_small_square
D:5:      nemelex_xobeh_ov_fountains_minmay, lemuel_round_altar, uniq_menkaure
D:7:      lightli_temple_of_fire
D:8:      okawaru_ov_weapons_minmay, vehumet_statue, lair_entry_dummy,
          basic_altar
D:9:      kennysheep_orc_monster_closet_entryway, serial_shops,
          nicolae_shop_crystal, grunt_ogre_cave, nicolae_water_bricks
D:10:     special_room, uniq_erolcha
D:11:     st_stairs_9, uniq_harold
D:12:     serial_shops, nicolae_shop_behind_doors, lemuel_nasty_fountain
D:13:     david_vaults_1, grunt_ministairs_3
D:14:     enter_trove_0, lab_entry_generic, minmay_statue_crystal_thing,
          uniq_sonja, uniq_rupert, uniq_agnes
D:15:     gammafunk_enter_depths_forms, serial_shops, shop,
          small_statue_alley_a, uniq_roxanne, uniq_azrael
Temple:   nicolae_temple_figure_eight
Lair:1:   grunt_megastairs_5, serial_bayou_shore_a
Lair:2:   minmay_snake_entry_six_corridors, serial_bayou_shore_b,
          infiniplex_staircase_pool_2
Lair:3:   portal_ice_cave_entry_pillars_2, grunt_megastairs_1
Lair:4:   minmay_shoals_entry_hut, enter_volcano_1, beast_lair_carwin_2,
          serial_bayou_shore_b
Lair:5:   slime_altar_1, disabler_island, grunt_megastairs_2,
          minmay_lair_oklob_chamber
Lair:6:   hangedman_lair_tendril_chambers, guppyfry_lair_end_dragon
Shoals:1: cheibrodos_shoals_oceanic_diplomacy
Shoals:2: serial_shops, nicolae_shop_stone, nicolae_shoals_kraken_party
Shoals:3: ldierk_geyser
Shoals:4: shoals_end_grunt_ice, shoals_ilsuiw_ice, serial_shops, shop,
          shop_fountains
Snake:1:  gammafunk_sealed_library, lemuel_fruit_tree
Snake:2:  grunt_ministairs_10
Snake:3:  serial_bayou_pond_a, spider_trap, uniq_aizul, uniq_vashnia,
          uniq_saint_roka
Snake:4:  minmay_snake_end_coiled
Slime:2:  nicolae_slime_phagocytosis
Slime:3:  cheibrodos_slime_lost_civilization_3
Orc:2:    st_orc_elflike
Elf:1:    hangedman_elven_crosses_minicolossus
Elf:2:    serial_shops, shop
Elf:3:    grunt_elf_hall_branching, dk_noncrumbling_4, grunt_ministairs_2,
          due_unseen_surprise
Vaults:1: v_alt_pattern_1, vaults_dpeg_hooks, v_misc_17, grunt_vaults_funnel,
          hangedman_vaults_corner_blocks, hangedman_vaults_hat,
          nicolae_vaults_big_ls, vaults_room_door_hall, dpeg_vaults_waves,
          vaults_room_grunt_arrival_ludios
Vaults:2: nicolae_vaults_quartermaster, hangedman_vaults_stitches,
          hangedman_vaults_variations, grunt_vaults_diagonal, v_misc_24,
          v_misc_22, vaults_room_grunt_arrival_checkpoint,
          vaults_dpeg_encased_lava, vaults_room_fours, v_misc_28,
          uniq_frederick, uniq_margery, uniq_mennas
Vaults:3: minmay_crypt_entry_skeletal_spiral, hangedman_vaults_restitches,
          v_misc_29, hangedman_vaults_maws, nicolae_vaults_network_quinsquares,
          nicolae_vaults_little_squares_3, vaults_mumra_lcd,
          nicolae_vaults_border_crossing, nicolae_vaults_network_square,
          v_alt_pattern_3, nicolae_vaults_angled_halls, serial_shops, shop
Vaults:4: vaults_room_ringed_pool, ontoclasm_vaults_spin,
          vaults_standard_mumra_x, vaults_mumra_minichess_inversion,
          nicolae_vaults_sealed_display, v_misc_5, v_misc_13, vaults_room_pools,
          ontoclasm_vaults_decontamination, basic_altar
Crypt:1:  uniq_donald
Crypt:2:  grunt_megastairs_3
Crypt:3:  grunt_crypt_end_deaths_head
Depths:1: lemuel_round_altar, serial_shops, shop_scrolls, hell_entry,
          minmay_misc_feat_doors, minmay_crystal_room, grunt_decor_clamped,
          kilobyte_rumbling_trees, kennysheep_random_hallway
Depths:2: minmay_skeletal_surprise, pan_entry, serial_column_ruins,
          column_ruins_circle_medium, column_ruins_hut, column_ruins_grid_1,
          column_ruins_grid_1, column_ruins_open_small, column_ruins_open_tiny,
          minmay_staircase_windowed_large, hangedman_geh_valley, uniq_nikola,
          uniq_asterion, uniq_enchantress
Depths:3: minmay_crescents, minmay_staircase_windowed_small, hell_entry,
          grunt_pan_entry_spiral, basic_stair_grate_trap
Depths:4: mu_elemental_laboratory, enter_ziggurat_a, abyss_entry, hell_entry,
          hangedman_decor_peaks_small, serial_bayou_shore_b,
          infiniplex_staircase_spiral
Depths:5: grunt_twist_and_shout, serial_shops, nicolae_shop_statue_plus,
          rand_demon_pan_entry_4, hell_entry, minmay_misc_feat_secret_circle,
          serial_bayou_shore_b, uniq_sojobo
Dis:1:    evilmike_ambush
Dis:7:    iron_city_of_dis
Geh:1:    lemuel_hellish_altar
Geh:3:    door_vault
Geh:7:    geh_old
Zot:1:    infiniplex_zot_generator, st_stairs_2, lemuel_flame_loot_1
Zot:2:    gammafunk_the_bubble
Zot:3:    lemuel_draconian_sentries_small
Zot:4:    gammafunk_sealed_arena
Abyss:2:  minivault_25
Abyss:3:  dshaligram_kb_abyss_rune_zappy_water_cross, evilmike_abyss_exit_10,
          evilmike_abyss_exit_8, evilmike_abyss_rune_elephants_shrine,
          patterned_corridor
Abyss:5:  evilmike_abyss_exit_chaos, nicolae_abyss_rune_star_stuff,
          guppyfry_abyss_exit_imp_island, serial_sigils_hangedman_gut,
          evilmike_abyss_rune_siren_acolytes, evilmike_abyss_exit_9
Lab:      labyrinth_watery, nicolae_lab_x, nicolae_lab_hexagon,
          labyrinth_skeletal_remains
Trove:    trove_garden
IceCv:    ice_cave_small_necro

Skill      XL: |  1  2  3  4  5  6  7  8  9 10 11 12 13 14 15 16 17 18 19 20 21 22 23 24 25 26 27 |
---------------+----------------------------------------------------------------------------------+-----
Shields        | 4 5 6 7 8 9 10 11 13 14 15 | 15.0
Fighting       | 4 5 6 7 8 9 10 11 12 13 14 15 16 17 18 27 | 27.0
Armour         | 4 5 6 7 8 9 10 11 12 | 12.6
Axes           | 3 4 5 6 7 8 9 10 11 12 13 14 15 16 17 18 19 20 21 22 26 | 26.0
Evocations     | 2 4 5 |  5.3
Invocations    | 1 4 6 8 10 11 12 13 14 18 | 18.0
Dodging        | 1 4 6 8 9 10 11 21 | 21.1
Crossbows      | 4 6 8 10 11 13 14 15 17 18 | 18.0
Spellcasting   | 3 6 10 | 10.0
Earth Magic    | 2 6 8 12 13 | 13.0
Transmutations | 2 4 6 8 11 13 | 13.0
Hexes          | 7 |  7.3
Translocations | 6 |  6.0
Charms         | 4 |  4.7
Necromancy     | 10 | 10.0

Action                   |  1- 3 |  4- 6 |  7- 9 | 10-12 | 13-15 | 16-18 | 19-21 | 22-24 | 25-27 || total
-------------------------+-------+-------+-------+-------+-------+-------+-------+-------+-------++-------
Melee: War axe           |    75 |   181 |    95 |       |       |       |       |       |       ||   351
       Hand axe          |       |       |   157 |   612 |   253 |       |       |       |       ||  1022
       Executioner's axe |       |       |       |       |   635 |   641 |   581 |   918 |  4043 ||  6818
       Kick              |       |       |       |       |       |       |   115 |   416 |  2145 ||  2676
 Fire: Arbalest          |       |       |       |       |    78 |   186 |   278 |   138 |   847 ||  1527
Throw: Throwing net      |       |       |       |     1 |       |       |       |       |       ||     1
 Cast: Statue Form       |       |       |       |       |       |       |       |       |    13 ||    13
       Leda's Liquefacti |       |       |       |       |       |       |       |       |     3 ||     3
       Regeneration      |       |       |       |       |       |       |       |       |   171 ||   171
       Portal Projectile |       |       |       |       |       |       |       |       |    52 ||    52
       Animate Dead      |       |       |       |       |       |       |       |       |    19 ||    19
       Control Undead    |       |       |       |       |       |       |       |       |     4 ||     4
       Spectral Weapon   |       |       |       |       |       |       |       |       |     4 ||     4
       Song of Slaying   |       |       |       |       |       |       |       |       |     3 ||     3
       Lee's Rapid Decon |       |       |       |       |       |       |       |       |     1 ||     1
Invok: Deal Four         |       |       |       |       |       |       |     1 |       |    24 ||    25
 Abil: Evoke Invisibilit |       |       |       |     9 |     4 |       |       |       |       ||    13
       Dig               |       |       |       |       |     1 |     4 |    12 |     2 |    11 ||    30
       Shaft Self        |       |       |       |       |       |       |       |       |     9 ||     9
Evoke: Wand              |       |     1 |       |    19 |     4 |       |       |       |     2 ||    26
       Deck              |       |       |       |    17 |    31 |    35 |    74 |    48 |    36 ||   241
       Lamp of fire      |       |       |       |     1 |     1 |       |       |       |       ||     2
       Fan of gales      |       |       |       |       |       |       |     1 |     1 |       ||     2
  Use: Potion            |       |     4 |     1 |     1 |     8 |     6 |     5 |     8 |    25 ||    58
       Scroll            |       |     2 |     4 |     6 |    12 |     7 |     7 |     5 |    36 ||    79
 Stab: Invisible         |       |       |       |    41 |     8 |       |       |       |     4 ||    53
       Petrified         |       |       |       |     2 |       |     8 |     6 |     5 |    24 ||    45
       Petrifying        |       |       |       |     2 |       |     1 |       |       |     2 ||     5
       Distracted        |       |       |       |       |       |     5 |     4 |     7 |    25 ||    41
       Sleeping          |       |       |       |       |       |       |       |     1 |     4 ||     5
  Eat: Chunk             |       |    13 |     5 |    16 |    10 |    26 |    30 |    53 |    33 ||   186
       Bread ration      |       |       |     1 |     4 |     6 |     4 |     2 |     2 |    11 ||    30
       Meat ration       |       |       |     1 |       |       |       |       |       |    13 ||    14
       Fruit             |       |       |       |       |       |    19 |    12 |     2 |     8 ||    41
       Royal jelly       |       |       |       |       |       |       |       |     3 |    10 ||    13
Armor: Scale mail        |    28 |    85 |    78 |   119 |       |       |       |       |       ||   310
       Leather armour    |       |       |       |     8 |    41 |       |       |       |       ||    49
       Ring mail         |       |       |       |     6 |       |       |       |       |       ||     6
       Chain mail        |       |       |       |       |   294 |   264 |    75 |       |       ||   633
       Acid dragon scale |       |       |       |       |       |       |    94 |   175 |   482 ||   751
       Skin              |       |       |       |       |       |       |       |       |    18 ||    18
Dodge: Dodged            |    23 |    55 |    64 |   218 |   652 |   512 |   422 |   294 |  1285 ||  3525
Block: Shield            |    34 |    96 |   134 |   336 |   661 |   439 |       |       |       ||  1700
       Large shield      |       |       |       |       |       |   190 |  1175 |  1274 |  4948 ||  7587
       Reflection        |       |       |       |       |       |       |    70 |   100 |   116 ||   286

Table legend:
 A = Spawn XP
 B = Non-spawn XP
 C = Spawn XP percentage of total XP
 D = Spawn monster count
 E = Non-spawn monster count
 F = Spawn count percentage of total count
 G = Total turns spent on level
                    A         B        C        D         E        F      G
               +---------+---------+-------+---------+---------+-------+---------
         Total |  170109 | 2188311 |   7.2 |     278 |    3358 |   7.6 | 98797
               +---------+---------+-------+---------+---------+-------+---------
           D:1 |       0 |      62 |   0.0 |       0 |      29 |   0.0 |  1017
           D:2 |       0 |      99 |   0.0 |       0 |      23 |   0.0 |  1221
           D:3 |       0 |     251 |   0.0 |       0 |      18 |   0.0 |  1114
           D:4 |       0 |     848 |   0.0 |       0 |      20 |   0.0 |  1240
           D:5 |       0 |     799 |   0.0 |       0 |      11 |   0.0 |   782
           D:6 |       0 |    1148 |   0.0 |       0 |      22 |   0.0 |   440
           D:7 |       0 |    1630 |   0.0 |       0 |      39 |   0.0 |  1146
           D:8 |       0 |    1386 |   0.0 |       0 |      20 |   0.0 |  1656
           D:9 |       0 |    4484 |   0.0 |       0 |      47 |   0.0 |  1445
          D:10 |       0 |    5467 |   0.0 |       0 |      43 |   0.0 |   841
          D:11 |       0 |    3262 |   0.0 |       0 |      16 |   0.0 |  1282
          D:12 |       0 |    3452 |   0.0 |       0 |      28 |   0.0 |   942
          D:13 |       0 |   13758 |   0.0 |       0 |      54 |   0.0 |  2310
          D:14 |       0 |   14522 |   0.0 |       0 |      34 |   0.0 |  1260
          D:15 |       0 |   21601 |   0.0 |       0 |      40 |   0.0 |  4030
        Lair:1 |       0 |    2880 |   0.0 |       0 |      17 |   0.0 |  1135
        Lair:2 |       0 |    7618 |   0.0 |       0 |      31 |   0.0 |  1795
        Lair:3 |       0 |    1188 |   0.0 |       0 |       7 |   0.0 |  1034
        Lair:4 |       0 |    4221 |   0.0 |       0 |      13 |   0.0 |   996
        Lair:5 |       0 |   26209 |   0.0 |       0 |      75 |   0.0 |  2386
        Lair:6 |       0 |   29550 |   0.0 |       0 |      92 |   0.0 |  2062
      Shoals:1 |       0 |   23431 |   0.0 |       0 |      47 |   0.0 |   835
      Shoals:2 |       0 |   22862 |   0.0 |       0 |      32 |   0.0 |   868
      Shoals:3 |       0 |   11697 |   0.0 |       0 |      19 |   0.0 |   846
      Shoals:4 |       0 |   37554 |   0.0 |       0 |      62 |   0.0 |  1206
       Snake:1 |       0 |   37372 |   0.0 |       0 |      58 |   0.0 |  2670
       Snake:2 |       0 |   18490 |   0.0 |       0 |      36 |   0.0 |  2420
       Snake:3 |       0 |   27695 |   0.0 |       0 |      49 |   0.0 |  1531
       Snake:4 |       0 |   40982 |   0.0 |       0 |      86 |   0.0 |  2068
       Slime:1 |       0 |    5525 |   0.0 |       0 |      18 |   0.0 |   476
       Slime:2 |       0 |   18897 |   0.0 |       0 |      35 |   0.0 |   921
       Slime:3 |       0 |   16465 |   0.0 |       0 |      21 |   0.0 |  1171
       Slime:4 |       0 |   11627 |   0.0 |       0 |      13 |   0.0 |   947
       Slime:5 |       0 |   20528 |   0.0 |       0 |      17 |   0.0 |   919
         Orc:1 |       0 |     424 |   0.0 |       0 |      12 |   0.0 |   403
         Orc:2 |       0 |   11104 |   0.0 |       0 |      50 |   0.0 |  1509
         Elf:1 |     462 |   34988 |   1.3 |       2 |      56 |   3.4 |  1414
         Elf:2 |       0 |   42652 |   0.0 |       0 |      59 |   0.0 |  1430
         Elf:3 |       0 |   45787 |   0.0 |       0 |      44 |   0.0 |  1758
      Vaults:1 |       0 |   48641 |   0.0 |       0 |      75 |   0.0 |  1443
      Vaults:2 |       0 |   67073 |   0.0 |       0 |      92 |   0.0 |  1752
      Vaults:3 |       0 |   65197 |   0.0 |       0 |     101 |   0.0 |  2499
      Vaults:4 |       0 |   71055 |   0.0 |       0 |      82 |   0.0 |  2891
      Vaults:5 |       0 |  141335 |   0.0 |       0 |     124 |   0.0 |  1610
       Crypt:1 |       0 |   34312 |   0.0 |       0 |      50 |   0.0 |  1184
       Crypt:2 |       0 |   36420 |   0.0 |       0 |      45 |   0.0 |  1220
       Crypt:3 |       0 |   82835 |   0.0 |       0 |     130 |   0.0 |  2135
        Tomb:1 |       0 |   74418 |   0.0 |       0 |      80 |   0.0 |  2936
        Tomb:2 |       0 |   16993 |   0.0 |       0 |      53 |   0.0 |   924
        Tomb:3 |       0 |   37082 |   0.0 |       0 |      60 |   0.0 |    25
      Depths:1 |       0 |   48874 |   0.0 |       0 |      78 |   0.0 |  3345
      Depths:2 |       0 |   33627 |   0.0 |       0 |      49 |   0.0 |  2991
      Depths:3 |       0 |   75782 |   0.0 |       0 |      78 |   0.0 |  1799
      Depths:4 |       0 |   45951 |   0.0 |       0 |      48 |   0.0 |  1825
      Depths:5 |       0 |   25162 |   0.0 |       0 |      25 |   0.0 |   685
          Hell |       0 |   60155 |   0.0 |       0 |      86 |   0.0 |  1133
         Dis:2 |       0 |    3316 |   0.0 |       0 |       6 |   0.0 |    86
         Dis:7 |       0 |  197037 |   0.0 |       0 |     197 |   0.0 |  2857
         Geh:1 |       0 |    3592 |   0.0 |       0 |       6 |   0.0 |    22
         Geh:3 |       0 |     411 |   0.0 |       0 |       3 |   0.0 |    11
         Geh:4 |       0 |    1255 |   0.0 |       0 |       4 |   0.0 |   128
         Geh:6 |       0 |   12634 |   0.0 |       0 |      29 |   0.0 |   115
         Geh:7 |       0 |   97629 |   0.0 |       0 |     112 |   0.0 |  1398
         Zot:1 |       0 |   65345 |   0.0 |       0 |      48 |   0.0 |  1448
         Zot:2 |       0 |   54554 |   0.0 |       0 |      42 |   0.0 |  1568
         Zot:3 |       0 |   58170 |   0.0 |       0 |      34 |   0.0 |   932
         Zot:4 |       0 |   69567 |   0.0 |       0 |      38 |   0.0 |  1498
       Abyss:1 |   17321 |    9890 |  63.7 |      21 |      19 |  52.5 |   461
       Abyss:2 |   28267 |    9656 |  74.5 |      47 |      16 |  74.6 |   718
       Abyss:3 |   64781 |   51447 |  55.7 |     121 |      71 |  63.0 |  1487
       Abyss:4 |   12493 |    2258 |  84.7 |      11 |       5 |  68.8 |   133
       Abyss:5 |   46785 |    6718 |  87.4 |      76 |      24 |  76.0 |   390
           Lab |       0 |    1012 |   0.0 |       0 |       1 |   0.0 |   501
         IceCv |       0 |    6393 |   0.0 |       0 |      54 |   0.0 |   797
               +---------+---------+-------+---------+---------+-------+---------
